 Seeded DCSS version 0.30-a0-159-g068b764562 (webtiles) character file.

Game seed: 20220927 (custom seed)

21 a11behringer the Chopper (level 2, -2/27 HPs)
             Began as a Hill Orc Cinder Acolyte on Sept 27, 2022.
             Was a High Priest of Ignis.
             Killed from afar by an orc wizard (4 damage)
             ... with a puff of flame
             ... on level 2 of the Dungeon.
             The game lasted 00:02:25 (1299 turns).

a11behringer the Chopper (Hill Orc Cinder Acolyte)  Turns: 1299, Time: 00:02:26

Health: -2/27      AC: 10    Str: 16    XL:     2   Next: 87%
Magic:  3/3        EV: 11    Int: 14    God:    Ignis [*****.]
Gold:   18         SH:  0    Dex:  6    Spells: 1/3 levels left

rFire   + . .      SeeInvis .    a - -1 hand axe (flame)
rCold   . . .      Faith    .    (no shield)
rNeg    . . .      Spirit   .    f - +0 leather armour
rPois   .          Reflect  .    (no helmet)
rElec   .          Harm     .    (no cloak)
rCorr   .          Rampage  .    (no gloves)
Will    .....                    (no boots)
Stlth   +.........               (no amulet)
HPRegen 0.09/turn                (no ring)
MPRegen 0.08/turn                (no ring)

@: fiery-armoured
A: no striking features
a: Renounce Religion, Fiery Armour, Foxfire Swarm, Rising Flame


You were on level 2 of the Dungeon.
You worshipped Ignis.
Ignis was extremely pleased with you.
You visited 1 branch of the dungeon, and saw 2 of its levels.

You collected 18 gold pieces.

Inventory:

Hand Weapons
 a - a -1 hand axe of flaming (weapon)
Armour
 b - a +0 robe
 f - a +0 leather armour (worn)
Scrolls
 c - a scroll of fear {unknown}
Potions
 d - a potion of might {unknown}
 e - a potion of berserk rage {unknown}
 g - a potion of curing {unknown}
 h - a potion of degeneration {unknown}


   Skills:
 + Level 3.8 Fighting
 * Level 4.5 Axes
 + Level 0.5 Armour
 + Level 1.2 Spellcasting
 + Level 3.4 Fire Magic


You had one spell level left.
You knew the following spells:

 Your Spells              Type           Power      Damage    Failure   Level
a - Scorch                Fire           20%        2d6       12%         2

Your spell library contained the following spells:

 Spells                   Type           Power      Damage    Failure   Level


Dungeon Overview and Level Annotations

Branches:
Dungeon (2/15)

Altars:

Shops:
D:1 [


Message History

The orc wizard flickers and vanishes!
You barely miss the orc. The orc hits you with a +0 whip.
Something tries to affect you, but you resist.
You hit the orc. You burn the orc.
The orc is moderately wounded.
The orc hits you with a +0 whip.
You barely miss the orc.
The orc is moderately wounded.
The orc barely misses you.
A puff of flame appears from out of thin air!
The puff of flame hits you. You resist.
You closely miss the orc.
The orc is moderately wounded.
The orc closely misses you.
A magic dart appears from out of thin air!
The magic dart hits you! The orc hits you with a +0 whip.
You hear some strange, mumbled words.
Something tries to affect you, but you resist.
The orc hits you with a +0 whip.
An orc is nearby!
An orc is nearby!
A protective cloak of flame settles atop you.
You slash the orc! You burn the orc.
You kill the orc!
You hit something but do no damage. Something hits you but does no damage.
You closely miss something. x2; Something hits you but does no damage.
Something barely misses you.
You miss something. Your punch misses something. You closely miss something.
Something hits you.
* * * LOW HITPOINT WARNING * * *
Something hits you.
* * * LOW HITPOINT WARNING * * *
You closely miss something. x2; Something hits you but does no damage.
Something hits you.
* * * LOW HITPOINT WARNING * * *
You barely miss something. You closely miss something.
You hear some strange, mumbled words.
A puff of flame appears from out of thin air!
The puff of flame hits you. You resist.
You die...

##### ##...#### ##.......#
#........####
..##....{......###########
......$.{@..#†...........#
..###....)#....#########.#
....#...##....)# #.# ###
#.........## #.#
########.## #.# #.# ##.#
#.# #..# ##+# #.## ##...##
#.#


There were no monsters in sight!

Vanquished Creatures
  A dart slug (D:1)
  An orc (D:2)
  2 ball pythons (D:2)
  2 endoplasms
  2 goblins (D:2)
  3 hobgoblins
  2 kobolds
  3 rats
16 creatures vanquished.

Notes
Turn   | Place    | Note
-------+----------+-------------------------------------------
     0 | D:1      | a11behringer the Hill Orc Cinder Acolyte began the quest
                  | for the Orb.
     0 | D:1      | Reached XP level 1. HP: 19/19 MP: 2/2
    88 | D:1      | Found Ewip's Antique Armour Emporium.
   528 | D:1      | Reached XP level 2. HP: 27/27 MP: 3/3
   562 | D:1      | Learned a level 2 spell: Scorch
  1028 | D:2      | Found a faded altar of an unknown god.
  1298 | D:2      | HP: 1/27 [something (3)]
  1299 | D:2      | Killed from afar by an orc wizard

Illustrated notes

Levels and vault maps discovered:
D:1:      tarquinn_simple_flora_water_a, layout_loops_ring, serial_shops, shop,
          amethyst_killhole
D:2:      layout_loops_corners, basic_altar, nicolae_ecumenical_pavilion,
          grunt_ministairs_11, st_stairs_1

Action                   || total
-------------------------++-------
Melee: Hand axe          ||    53
Invok: Fiery Armour      ||     1
Armor: Leather armour    ||     6
       Robe              ||     1
Dodge: Dodged            ||    28

Table legend: (Time is in decaauts)
 A = Elapsed time spent in this place.
 B = Non-inter-level travel time spent in this place.
 C = Inter-level travel time spent in this place.
 D = Time resting spent in this place.
 E = Time spent auto-exploring this place.
 F = Levels seen in this place.
 G = Mean time per level.
                   A        B        C        D        E       F      G
               +--------+--------+--------+--------+--------+-----+--------+
         Total |   1303 |   1286 |     17 |      0 |   1152 |   2 |  651.5 |
       Dungeon |   1303 |   1286 |     17 |      0 |   1152 |   2 |  651.5 |
               +--------+--------+--------+--------+--------+-----+--------+

Top non-repeatable levels by time:
     D:1: 1022 daAuts
     D:2: 281 daAuts
